Map: Apotheosis LE

Players

Fropez

  • Race: Protoss Protoss
  • League: Gold
  • Spawn Location: 5:00

JoeyEsq - Winner!

  • Race: Terran Terran
  • League: Gold
  • Spawn Location: 11:00

VOD

Have the link to the VOD?

Description

Time

  • Played on: Oct. 23, 2016, 11:32 a.m.
  • Length: 21:10
Show
View Real Time Build Order
Export as new Build Order

Fropez Protoss 

Build Orders: 1 Gate Expand 

Get SALT Encoding   

  12  0:01  Probe (Chrono Boost)  
  13  0:12  Probe (Chrono Boost)  
  14  0:17  Pylon  
  14  0:23  Probe (Chrono Boost)  
  16  0:35  Probe (Chrono Boost)  
  16  0:43  Gateway  
  16  0:46  Probe (Chrono Boost)  
  16  0:49  Assimilator  
  17  0:57  Probe (Chrono Boost)  
  18  1:00  Pylon  
  18  1:07  Probe (Chrono Boost)  
  19  1:32  Nexus  
  19  2:00  Probe (Chrono Boost)  
  19  2:07  Cybernetics Core  
  19  2:13  Gateway  
  19  2:14  Probe (Chrono Boost)  
  20  2:15  Pylon  
  20  2:24  Pylon  
  20  2:25  Probe (Chrono Boost)  
  21  2:37  Gateway  
  21  2:39  Assimilator  
  21  2:44  Probe x2 (Chrono Boost)  
  21  2:49  Stalker (Chrono Boost)  
  25  2:53  Warp Gate (Chrono Boost)  
  25  3:00  Mothership Core  
  27  3:08  Stalker  
  27  3:11  Probe  
  30  3:21  Assimilator  
  30  3:22  Probe  
  31  3:28  Stalker  
  33  3:38  Stalker  
  35  3:42  Probe  
  35  3:47  Stalker  
  35  3:48  Probe  
  38  3:55  Probe  
  40  4:01  Probe  
  40  4:04  Twilight Council  
  40  4:08  Probe  
  42  4:12  Probe  
  43  4:25  Pylon  
  43  4:28  Pylon  
  43  4:32  Pylon  
  43  4:43  Probe  
  43  4:44  Probe  
  45  4:52  Blink (Chrono Boost)  
  45  5:01  Gateway  
  45  5:03  Probe  
  45  5:04  Probe  
  47  5:09  Gateway  
  47  5:11  Pylon  
  47  5:17  Stalker x2  
  47  5:20  Stalker  
  53  5:33  Probe  
  54  5:38  Probe  
  55  5:45  Probe  
  55  5:48  Gateway  
  55  5:49  Probe  
  56  5:51  Assimilator  
  56  5:52  Gateway  
  56  5:53  Pylon  
  57  5:59  Probe  
  58  6:04  Forge  
  58  6:11  Stalker x2  
  60  6:14  Stalker  
  64  6:28  Probe  
  64  6:29  Probe  
  66  6:35  Nexus  
  60  6:54  Resonating Glaives (Chrono Boost)  
  60  7:03  Protoss Ground Armor Level 1 (Chrono Boost)  
  58  7:11  Adept x4  
  58  7:12  Adept x3  
  72  7:17  Probe  
  73  7:24  Photon Cannon  
  73  7:29  Pylon  
  73  7:43  Pylon, Probe  
  74  7:44  Pylon  
  74  7:45  Probe  
  69  8:03  Stalker x5  
  79  8:10  Assimilator  
  79  8:11  Probe  
  79  8:12  Probe  
  81  8:28  Photon Cannon  
  81  8:29  Probe  
  81  8:31  Photon Cannon  
  82  8:37  Photon Cannon  
  82  8:43  Templar Archives  
  82  8:45  Probe, Robotics Facility  
  83  8:50  Protoss Ground Weapons Level 1 (Chrono Boost)  
  83  9:27  High Templar x3  
  83  9:28  High Templar x4  
  97  9:32  Archon x3  
  97  9:35  Probe x2  
  99  9:48  Nexus  
  99  9:51  Pylon  
  99  9:55  Pylon  
  99  9:58  Pylon, Photon Cannon  
  99  10:02  Pylon, Photon Cannon  
  99  10:04  Pylon  
  99  10:05  Probe x3, Photon Cannon  
  101  10:09  Photon Cannon  
  102  10:14  Pylon  
  102  10:15  High Templar  
  102  10:16  High Templar x6  
  102  10:18  Pylon  
  116  10:21  Pylon  
  116  10:25  Assimilator  
  114  10:49  Adept  
  112  10:50  Adept x6  
  112  10:52  Archon  
  112  10:53  Archon x2, Probe  
  112  10:54  Probe x2  
  127  11:00  Photon Cannon  
  127  11:04  Photon Cannon  
  127  11:08  Photon Cannon  
  127  11:10  Gateway  
  127  11:12  Photon Cannon  
  127  11:13  Pylon  
  127  11:15  Adept x5  
  137  11:21  Gateway  
  137  11:22  Photon Cannon  
  137  11:25  Protoss Ground Weapons Level 2 (Chrono Boost)  
  137  11:26  Warp Prism  
  137  11:32  Stalker  
  141  11:33  Stalker  
  143  11:51  Adept x3  
  143  11:52  Adept x2  
  153  12:00  Assimilator  
  153  12:02  Assimilator  
  153  12:09  Gateway  
  153  12:11  Photon Cannon  
  153  12:14  Photon Cannon, Stalker  
  153  12:15  Stalker x4  
  163  12:25  Gateway  
  143  13:07  High Templar x3  
  143  13:08  High Templar x5  
  153  13:23  Protoss Ground Armor Level 2 (Chrono Boost)  
  153  13:45  High Templar x2  
  153  13:46  High Templar x3  
  163  13:59  Photon Cannon  
  163  14:04  Photon Cannon  
  163  14:05  Probe  
  164  14:23  Archon x2  
  164  14:24  Archon  
  164  14:29  Nexus  
  164  14:30  Stalker x2  
  164  14:31  Stalker x4  
  170  14:32  Assimilator, Stalker x2  
  170  14:33  Stalker  
  170  14:37  Assimilator  
  182  14:40  Pylon  
  182  14:42  Pylon  
  182  14:46  Pylon  
  182  14:50  Pylon  
  162  15:15  Stalker x2  
  162  15:16  Stalker x5  
  162  15:17  Stalker x3  
  162  15:48  Protoss Ground Weapons Level 3 (Chrono Boost)  
  158  15:53  Forge  
  158  15:57  Stalker x5  
  158  15:58  Stalker x5  
  178  16:05  Observer  
  179  16:21  Archon x4  
  179  16:26  Observer  
  179  16:29  Probe x2  
  182  16:35  Stalker x7  
  182  16:36  Stalker x2  
  198  16:47  Observer  
  197  16:55  Stalker  
  199  17:21  Photon Cannon  
  199  17:23  Photon Cannon  
  199  17:25  Photon Cannon  
  199  17:28  Photon Cannon  
  199  17:31  Photon Cannon  
  199  17:35  Photon Cannon  
  199  17:39  Photon Cannon  
  198  17:56  Stalker  
  200  18:01  Nexus  
  200  18:04  Assimilator  
  199  18:08  Assimilator  
  199  18:10  Charge  
  199  18:11  Pylon  
  199  18:12  Pylon  
  193  18:15  Zealot x4  
  193  18:16  Zealot  
  177  18:23  Protoss Shields Level 1 (Chrono Boost)  
  147  18:28  Protoss Ground Armor Level 3 (Chrono Boost)  
  145  18:37  Gateway  
  145  18:39  Gateway  
  145  18:42  Gateway  
  145  18:44  Gateway  
  145  18:49  Gateway, Stalker x6  
  145  18:50  Stalker x2  
  145  18:51  Gateway  
  145  18:52  Pylon  
  145  18:55  Pylon  
  159  19:10  Probe  
  160  19:18  High Templar x6  
  160  19:19  High Templar x4  
  154  19:49  Archon x2  
  154  19:50  Archon x2  
  154  19:51  Archon  
  154  19:52  Stalker x5  
  129  19:53  Stalker x4  
  129  19:54  Stalker x2  
  129  19:55  Stalker  
  114  20:07  Stalker x3  
  114  20:08  Stalker  
  70  20:44  Stalker x2  
  70  20:45  Stalker x5  
Show
View Real Time Build Order
Export as new Build Order

JoeyEsq Terran - Winner!

Build Orders:  

Get SALT Encoding   

  12  0:01  SCV  
  13  0:17  SCV  
  13  0:19  Supply Depot  
  14  0:29  SCV  
  15  0:41  SCV  
  16  0:44  Barracks  
  16  0:54  SCV, Refinery  
  17  1:07  SCV  
  18  1:19  SCV  
  19  1:33  Marine  
  19  1:34  Command Center  
  20  1:45  Orbital Command  
  20  1:51  Marine  
  21  2:04  Barracks  
  21  2:09  Marine  
  21  2:12  SCV  
  23  2:38  Supply Depot  
  23  2:46  Marine, SCV  
  25  2:54  Factory  
  25  2:55  Orbital Command  
  26  2:58  SCV  
  26  3:00  Supply Depot  
  26  3:04  Marine  
  27  3:15  SCV, Refinery  
  28  3:22  Marine, Refinery  
  28  3:26  Supply Depot  
  28  3:27  SCV  
  30  3:30  SCV  
  31  3:36  Marine  
  31  3:38  Factory Tech Lab  
  32  3:42  SCV  
  32  3:45  Starport  
  32  3:46  Barracks Reactor  
  32  3:48  SCV  
  34  3:49  Supply Depot  
  34  3:54  Marine, SCV  
  36  4:00  SCV  
  37  4:06  SCV, Refinery  
  38  4:12  SCV, Supply Depot  
  38  4:13  Siege Tank  
  42  4:18  SCV  
  43  4:24  SCV  
  43  4:28  Marine  
  43  4:30  Marine x2, SCV  
  48  4:36  SCV  
  49  4:40  Supply Depot  
  49  4:42  SCV  
  49  4:43  Medivac  
  52  4:46  Marine  
  52  4:47  Siege Tank  
  56  4:54  SCV  
  57  5:14  Marine x2, Fusion Core  
  57  5:17  Marine  
  57  5:18  SCV  
  57  5:19  Siege Tank  
  57  5:20  SCV  
  65  5:30  SCV  
  65  5:32  Marine x2, SCV  
  65  5:34  Marine  
  70  5:43  SCV  
  70  5:44  SCV  
  70  5:45  Armory  
  70  5:49  Starport Tech Lab  
  72  5:50  Marine x2  
  72  5:52  Siege Tank, Marine  
  72  5:57  SCV  
  79  6:02  Factory  
  79  6:09  SCV  
  79  6:10  Marine  
  81  6:21  SCV  
  81  6:33  SCV  
  82  6:51  Factory Tech Lab  
  82  7:18  Command Center  
  82  7:29  Marine x2  
  84  7:38  Supply Depot  
  84  7:39  Terran Vehicle Weapons Level 1  
  84  7:47  Marine x2  
  86  8:00  Battlecruiser  
  86  8:01  Supply Depot  
  92  8:23  Thor  
  98  8:29  Supply Depot, Thor, Weapon Refit  
  104  8:43  Orbital Command  
  104  8:52  Supply Depot  
  104  8:58  Cloaking Field  
  104  8:59  Infernal Pre-Igniter  
  104  9:04  Battlecruiser  
  104  9:06  Thor  
  116  9:11  Orbital Command  
  116  9:12  Thor  
  116  9:15  Supply Depot  
  121  9:34  Terran Vehicle And Ship Armor Level 1  
  121  9:49  Siege Tank  
  124  9:54  Supply Depot  
  124  9:55  Thor  
  124  9:59  Engineering Bay  
  130  10:09  Battlecruiser  
  130  10:14  Refinery  
  136  10:16  Supply Depot  
  136  10:17  Refinery  
  136  10:21  Siege Tank  
  130  11:02  SCV  
  131  11:11  Missile Turret  
  131  11:13  Thor, Missile Turret  
  131  11:14  SCV  
  131  11:17  Siege Tank  
  141  11:24  Missile Turret  
  141  11:26  SCV, Supply Depot  
  141  11:31  Behemoth Reactor  
  142  11:34  Terran Vehicle And Ship Armor Level 2  
  142  11:38  SCV  
  143  11:47  Missile Turret  
  143  11:49  Siege Tank  
  143  11:50  Supply Depot  
  143  11:51  SCV  
  143  11:52  Missile Turret  
  147  11:56  Thor  
  153  12:07  Drilling Claws  
  153  12:09  Mag-Field Accelerator  
  153  12:12  Battlecruiser  
  159  12:21  Supply Depot  
  159  12:39  Thor  
  159  12:43  Supply Depot  
  158  13:10  SCV  
  159  13:16  Battlecruiser  
  165  13:22  SCV  
  166  13:34  SCV  
  167  13:46  SCV  
  168  13:55  Missile Turret  
  168  13:58  SCV  
  168  13:59  Thor  
  168  14:01  Siege Tank  
  178  14:05  Supply Depot  
  178  14:18  Missile Turret  
  178  14:19  Command Center  
  178  14:20  Battlecruiser  
  184  14:27  Supply Depot  
  184  14:33  Siege Tank  
  187  14:39  Terran Ship Weapons Level 1  
  187  14:43  Thor  
  190  15:31  Siege Tank, Battlecruiser  
  195  16:41  Orbital Command  
  195  17:30  Missile Turret  
  195  17:52  Missile Turret  
  195  17:53  Terran Vehicle Weapons Level 2  
  195  18:11  Siege Tank  
  169  18:45  Battlecruiser  
  169  18:46  Thor  
  181  18:50  Thor  
  186  19:29  Thor  
  186  19:33  Thor  
  182  19:49  Battlecruiser  
  162  20:15  Orbital Command  
Tags
 
Add a new tag
Caveats
  • Supply blocks, unpowered buildings, or Contaminate may cause inaccurate times.
  • Supply counts are checked every 10 seconds.